 Dungeon Crawl Stone Soup version 0.20-a0-760-g49f5558 (webtiles) character file.

15624 Colliwobble the Basher (level 12, -1/75 HPs)
             Began as a Gargoyle Fighter on Feb 25, 2017.
             Was a Believer of Ru.
             Slain by Rupert
             ... wielding a +1 great mace of protection
              (29 damage)
             ... on level 3 of the Lair of Beasts.
             The game lasted 00:31:23 (13038 turns).

Colliwobble the Basher (Gargoyle Fighter)          Turns: 13038, Time: 00:31:23

Health: -1/75      AC: 26    Str: 25    XL:     12   Next: 29%
Magic:  12/12      EV:  8    Int:  9    God:    Ru [**....]
Gold:   534        SH:  0    Dex:  9    Spells: 11/11 levels left

rFire    . . .     SeeInvis +   a - +0 dire flail
rCold    . . .     Gourm    .   K - +0 shadow dragon scales
rNeg     + . .     Faith    .   (shield currently unavailable)
rPois    ∞         Spirit   .   Q - +1 helmet
rElec    +         Reflect  .   (no cloak)
rCorr    .         Harm     .   (no gloves)
MR       .....                  (no boots)
Stlth    ++........             (no amulet)
Regen    0.3/turn               I - ring of see invisible
MPRegen  0.2/turn               E - +2 ring of protection

@: very slightly contaminated, hasted, very quick
A: negative energy resistance 1, electricity resistance, unbreathing,
petrification resistance, rot immunity, inability to train dodging, no charms
magic, no earth magic, no transmutations magic, AC +8
a: Renounce Religion


You were on level 3 of the Lair of Beasts.
You worshipped Ru.
Ru was pleased with you.
You were hungry.

You visited 2 branches of the dungeon, and saw 11 of its levels.

You collected 582 gold pieces.
You spent 48 gold pieces at shops.

Inventory:

Hand Weapons
 a - a +0 dire flail (weapon)
 b - the +6 hand crossbow "Focsec" {freeze, rC+ MR+ Str+4}
   (You found it on level 5 of the Dungeon)

   It causes projectiles fired from it to freeze those they strike, causing
   extra injury to most foes and up to half again as much damage against
   particularly susceptible opponents.
   They can also slow down cold-blooded creatures.
   It affects your strength (+4).
   It protects you from cold.
   It affects your resistance to hostile enchantments.
Missiles
 P - a bolt
Armour
 c - a +0 shield
 g - a scarf of repulsion
 G - a +0 helmet
 K - +0 shadow dragon scales (worn)
 L - a +1 cloak of magic resistance
 Q - a +1 helmet (worn)
Jewellery
 E - a +2 ring of protection (left hand)
 F - an uncursed ring of ice
 I - a ring of see invisible (right hand)
Wands
 N - a wand of lightning (8/15)
 O - a wand of paralysis (0/24)
Scrolls
 e - 2 scrolls of identify
 i - 2 scrolls of teleportation
 j - 4 scrolls of random uselessness {unknown}
 l - a scroll of immolation {unknown}
 o - 2 scrolls of fog {unknown}
 p - a scroll of acquirement {unknown}
 r - a scroll of enchant weapon {unknown}
 t - a scroll of fear {unknown}
 v - 3 scrolls of remove curse
 y - 2 scrolls of recharging
 C - 2 scrolls of blinking {unknown}
 D - 2 scrolls of amnesia {unknown}
 H - a scroll of vulnerability {unknown}
 J - 2 scrolls of magic mapping {unknown}
 M - a scroll of enchant armour {unknown}
Potions
 d - a potion of cancellation {unknown}
 h - a potion of haste
 k - 2 potions of heal wounds
 n - 2 potions of curing
 s - a potion of ambrosia
 u - 4 potions of flight
 x - 2 potions of lignification
 B - 2 potions of agility
 R - a potion of resistance {unknown}
 S - 2 potions of might
 T - a potion of magic {unknown}
 U - a potion of brilliance {unknown}
Comestibles
 f - 12 bread rations
 m - 3 meat rations
 q - 16 fruits
 z - 3 royal jellies


   Skills:
 - Level 8.3 Fighting
 + Level 14.4 Maces & Flails
 - Level 9.1 Crossbows
 - Level 7.6 Armour
 - Level 3.2 Shields


You had 11 spell levels left.
You didn't know any spells.

Dungeon Overview and Level Annotations

Branches:
Dungeon (8/15)             Temple (0/1) D:6            Lair (3/6) D:8
 Shoals (0/4) Lair:3
  Snake: Lair:2-4    Spider: Lair:2-4

Altars:
Ashenzari
Dithmenos
Elyvilon
Fedhas
Gozag
Makhleb
Nemelex Xobeh
Okawaru
Ru
Sif Muna
Zin

Shops:
D:5 ([   D:8 (

Annotations:
Lair:2 exclusion: 2 oklob plants
Lair:3 Rupert


Innate Abilities, Weirdness & Mutations

You are resistant to torment.
Your stone body is resilient. (AC +8)
You are immune to poison.
You resist negative energy. (rN+)
You are resistant to electric shocks. (rElec)
You can survive without breathing.
You are immune to petrification.
You are immune to rotting.
You cannot train Dodging skill.
You cannot study or cast Charms magic.
You cannot study or cast Earth magic.
You cannot study or cast Transmutations magic.


Message History

Rupert is almost dead.
You hit Rupert.
Rupert is almost dead.
Rupert hits you but does no damage.
You closely miss Rupert.
Rupert is almost dead.
You hit Rupert but do no damage.
Rupert is almost dead.
You barely miss Rupert.
Rupert is almost dead.
Rupert hits you with a great mace of protection!
* * * LOW HITPOINT WARNING * * *
You feel much better.
Rupert hits you with a great mace of protection!
Your shadow dragon scales prevents you from hitting Rupert.
Rupert is almost dead.
You puncture Rupert!
Rupert is almost dead.
Rupert hits you with a great mace of protection!!
You die...

.....≈≈≈...........#.##..###
.....≈≈≈.................#
.....≈≈≈.............P.###
.......................#
......................#####
........##................###
........P...)...............#
............................##
................@@(..........#
........#......<..........P..###
........#.................P...P##
.......#.................P.P...P.
#.....#..................P.......
#................................
###...)...[......................
#..............................
#####..........................


You could see Rupert (berserk).

Vanquished Creatures
  A two-headed ogre (D:8)
  3 death yaks
  An ugly thing (D:8)
  A merfolk siren (Lair:3)
  Joseph (D:8)
  A black mamba (Lair:1)
  A gargoyle (D:8)
  3 spiny frogs (Lair:1)
  A rime drake (Lair:3)
  2 komodo dragons
  8 polar bears
  Prince Ribbit (Lair:3)
  10 blink frogs
  A hornet (D:8)
  A shadow (D:8)
  2 hippogriffs
  A yak (Lair:2)
  A wyvern (Lair:3)
  Edmund (D:4)
  2 water moccasins
  A porcupine (Lair:3)
  An ice beast (D:6)
  An orc warrior (D:8)
  7 black bears (Lair:1)
  A necrophage (D:7)
  A sky beast (D:5)
  4 ogres
  The ghost of HyperSnackFlakAttack the Digger, an amateur DgEE (D:3)
  6 centaurs
  5 crocodiles
  14 bullfrogs
  2 scorpions
  2 howler monkeys (D:6)
  3 electric eels (Lair:1)
  A centaur zombie (D:6)
  2 crimson imps (D:7)
  Crazy Yiuf (D:7)
  A hound (D:7)
  2 orc priests
  2 jellies
  4 orc wizards
  4 iguanas
  2 bullfrog skeletons
  A worker ant (D:5)
  6 hell rats (Lair:2)
  A hound zombie (D:8)
  2 hound skeletons
  A worker ant zombie (D:8)
  12 river rats (Lair:2)
  8 adders
  A shadow imp (D:8)
  An ooze (D:4)
  2 worms
  3 dart slugs (D:1)
  2 leopard geckos (D:5)
  20 orcs
  5 bats
  4 giant cockroaches
  7 goblins
  4 hobgoblins (D:2)
  2 jackals (D:6)
  8 quokkas
  6 frilled lizards
  10 kobolds
  A leopard gecko zombie (D:7)
  16 rats
234 creatures vanquished.

Vanquished Creatures (others)
  A black mamba (Lair:2)
  A spriggan (D:7)
  A basilisk (Lair:3)
  An orc (D:6)
  A quokka (D:7)
  3 fungi
  3 plants
11 creatures vanquished.

Grand Total: 245 creatures vanquished

Notes
Turn   | Place    | Note
-------+----------+-------------------------------------------
     0 | D:1      | Colliwobble the Gargoyle Fighter began the quest for the Orb.
     0 | D:1      | Reached XP level 1. HP: 14/14 MP: 1/1
   115 | D:1      | Reached XP level 2. HP: 19/19 MP: 2/2
   281 | D:1      | Reached skill level 3 in Maces & Flails
   378 | D:1      | Reached XP level 3. HP: 23/23 MP: 3/3
   842 | D:2      | Found a deep blue altar of Sif Muna.
   962 | D:2      | Reached skill level 4 in Maces & Flails
  1190 | D:2      | Reached XP level 4. HP: 28/28 MP: 4/4
  1598 | D:3      | Noticed HyperSnackFlakAttack's ghost (amateur DgEE)
  1617 | D:3      | Killed HyperSnackFlakAttack's ghost
  1617 | D:3      | Reached skill level 5 in Maces & Flails
  1617 | D:3      | Reached XP level 5. HP: 23/32 MP: 5/5
  2181 | D:4      | Found a sacrificial altar of Ru.
  2211 | D:4      | Became a worshipper of Ru the Awakened
  2354 | D:4      | Noticed an ogre
  2365 | D:4      | Killed an ogre
  2365 | D:4      | Reached skill level 6 in Maces & Flails
  2365 | D:4      | Reached XP level 6. HP: 11/37 MP: 6/6
  2662 | D:4      | Found a shadowy altar of Dithmenos.
  2730 | D:4      | Noticed Edmund
  2770 | D:4      | Killed Edmund
  2770 | D:4      | Reached skill level 7 in Maces & Flails
  2770 | D:4      | Reached XP level 7. HP: 28/41 MP: 7/7
  3177 | D:5      | Entered Level 5 of the Dungeon
  3237 | D:5      | Reached skill level 8 in Maces & Flails
  3432 | D:5      | Found Humun's Weapon Shoppe.
  3460 | D:5      | Found Zyvauxt's Armour Shoppe.
  3731 | D:5      | Got an ichor-stained hand crossbow
  3732 | D:5      | Identified the +6 hand crossbow "Focsec" {freeze, rC+ MR+ Str+4} (You found it on level 5 of the Dungeon)
  3811 | D:5      | Reached skill level 9 in Maces & Flails
  3811 | D:5      | Reached XP level 8. HP: 46/46 MP: 8/8
  3951 | D:5      | Gained mutation: You cannot study or cast Earth magic. [Ru sacrifice]
  3951 | D:5      | Gained mutation: You cannot study or cast Transmutations magic. [Ru sacrifice]
  3951 | D:5      | Gained mutation: You cannot study or cast Charms magic. [Ru sacrifice]
  3951 | D:5      | Reached * piety under Ru
  4007 | D:6      | Found a staircase to the Ecumenical Temple.
  4527 | D:6      | Reached skill level 10 in Maces & Flails
  4669 | D:6      | Reached skill level 1 in Crossbows
  4695 | D:6      | Found a burning altar of Makhleb.
  5102 | D:7      | Noticed a spriggan baker
  5122 | D:7      | Killed a spriggan baker
  5175 | D:7      | Reached skill level 5 in Fighting
  5194 | D:7      | Found a white marble altar of Elyvilon.
  5251 | D:7      | Reached XP level 9. HP: 49/54 MP: 9/9
  5399 | D:7      | Found an iron altar of Okawaru.
  5738 | D:7      | Found a runed door.
  5742 | D:7      | Noticed Crazy Yiuf
  5752 | D:7      | Killed Crazy Yiuf
  5949 | D:7      | Found a glowing silver altar of Zin.
  6059 | D:8      | Noticed Joseph
  6272 | D:8      | Killed Joseph
  6272 | D:8      | Reached skill level 5 in Crossbows
  6362 | D:8      | Found a shattered altar of Ashenzari.
  6469 | D:8      | Noticed a hornet
  6503 | D:8      | Killed a hornet
  6506 | D:8      | Noticed a gargoyle
  6510 | D:8      | Noticed a brown ugly thing
  6521 | D:8      | Killed a gargoyle
  6521 | D:8      | Reached XP level 10. HP: 58/64 MP: 10/10
  6528 | D:8      | Killed a brown ugly thing
  6713 | D:8      | Noticed a manticore
  6821 | D:8      | Noticed a two-headed ogre
  6836 | D:8      | Killed a two-headed ogre
  6836 | D:8      | Reached skill level 5 in Armour
  6928 | D:8      | Found Cogetz's Weapon Shoppe.
  6934 | D:8      | Found a staircase to the Lair.
  6943 | D:8      | Bought a +0 dire flail for 48 gold pieces
  6966 | D:8      | Found a blossoming altar of Fedhas.
  6966 | D:8      | Found an opulent altar of Gozag.
  7009 | D:8      | Found a sparkling altar of Nemelex Xobeh.
  7096 | D:8      | Got a brightly glowing golden amulet
  7097 | D:8      | Identified the amulet of Undoing {Harm *Drain rPois} (You found it on level 8 of the Dungeon)
  7202 | Lair:1   | Entered Level 1 of the Lair of Beasts
  7222 | Lair:1   | Noticed a spiny frog
  7232 | Lair:1   | Killed a spiny frog
  7395 | Lair:1   | Noticed a black mamba
  7910 | Lair:2   | Noticed a black mamba
  7932 | Lair:2   | Killed a black mamba
  7932 | Lair:2   | Reached XP level 11. HP: 38/69 MP: 11/11
  8216 | Lair:2   | Noticed an oklob plant
  8216 | Lair:2   | Noticed an oklob plant
  8879 | Lair:2   | Found a sacrificial altar of Ru.
  8970 | Lair:3   | Noticed a death yak
  9013 | Lair:2   | Reached skill level 11 in Maces & Flails
  9266 | Lair:3   | Found a deep blue altar of Sif Muna.
  9508 | Lair:3   | Noticed Prince Ribbit
  9567 | Lair:3   | Killed Prince Ribbit
 10034 | Lair:3   | Noticed a death yak
 10035 | Lair:3   | Noticed a death yak
 10076 | Lair:2   | Killed a death yak
 10076 | Lair:2   | Reached skill level 12 in Maces & Flails
 10868 | Lair:1   | Reached skill level 13 in Maces & Flails
 11502 | Lair:1   | Reached XP level 12. HP: 54/75 MP: 12/12
 11732 | Lair:1   | Gained mutation: You cannot train Dodging skill. [Ru sacrifice]
 11732 | Lair:1   | Reached ** piety under Ru
 12286 | Lair:2   | Reached skill level 14 in Maces & Flails
 12355 | Lair:2   | Killed a death yak
 12373 | Lair:3   | Killed a death yak
 12498 | Lair:3   | Found a staircase to the Shoals.
 12793 | Lair:3   | Noticed Rupert
 13022 | Lair:3   | Paralysed by Rupert for 6 turns
 13038 | Lair:3   | Slain by Rupert

Vault maps used:
D:1:      saegor_arrival_simple_b
D:2:      old_standard_altar, first_bread, corexii_corridor_pit
D:4:      kennysheep_little_box, nicolae_ru_sacrificial_ziggurat, uniq_edmund
D:5:      serial_shops, shop, nicolae_shop_stone,
          hangedman_abyss_or_decor_passed
D:6:      bloody_makhleb, minmay_temple_entry_hall
D:7:      kennysheep_okawaru_gauntlet, zin_treasury, elyvilon_altar_4,
          the_bakery, kennysheep_generic_room_12, uniq_crazy_yiuf_cottage
D:8:      minmay_blocky_corners, cheibrodos_ashenzari_chains, marbit_many_paths,
          gammafunk_temple_overflow_elements, serial_shops, shop_fountains,
          uniq_joseph
Lair:1:   beast_lair_carwin_large_4, serial_bayou_lake_a
Lair:2:   lemuel_ratsnest, basic_altar, minmay_lair_oklob_chamber
Lair:3:   minmay_shoals_entry_lonely_mermaid, basic_altar,
          infiniplex_staircase_pool_2, serial_bayou_shore_b, lemuel_fruit_tree,
          uniq_rupert, uniq_prince_ribbit2

Skill      XL: |  1  2  3  4  5  6  7  8  9 10 11 12 |
---------------+-------------------------------------+-----
Maces & Flails | 3 4 5 6 7 9 10 13 14 | 14.4
Crossbows      | 3 6 9 |  9.1
Fighting       | 5 8 |  8.3
Armour         | 7 |  7.6
Shields        | |  3.2

Action                   |  1- 3 |  4- 6 |  7- 9 | 10-12 || total
-------------------------+-------+-------+-------+-------++-------
Melee: Flail             |   119 |   157 |   383 |    68 ||   727
       Dire flail        |       |       |       |   639 ||   639
 Fire: Hand crossbow     |       |       |    24 |    26 ||    50
Invok: Sacrifice Arcana  |       |       |     1 |       ||     1
       Reject Sacrifices |       |       |     1 |       ||     1
       Sacrifice Nimblen |       |       |       |     1 ||     1
Evoke: Wand              |       |       |     1 |     6 ||     7
  Use: Potion            |       |     1 |     1 |     4 ||     6
       Scroll            |       |       |    11 |     8 ||    19
 Stab: Distracted        |       |       |     1 |     1 ||     2
       Sleeping          |       |       |     1 |     1 ||     2
       Paralysed         |       |       |       |     4 ||     4
  Eat: Chunk             |     1 |     5 |    12 |    16 ||    34
       Fruit             |       |       |     1 |     3 ||     4
       Royal jelly       |       |       |       |     1 ||     1
Armor: Scale mail        |    55 |    59 |   112 |       ||   226
       Shadow dragon sca |       |       |    63 |   462 ||   525
Dodge: Dodged            |    32 |    30 |    86 |   239 ||   387
       Deflected         |     3 |       |     2 |       ||     5
Block: Shield            |    50 |    68 |   158 |    24 ||   300
